 Dungeon Crawl Stone Soup version 0.29.1-15-g9cfb28693d (webtiles) character file.

Game seed: 2791093974930361881

2190 CrazyMind the Covert (level 9, -4/73 HPs)
             Began as a Kobold Conjurer on Feb 24, 2023.
             Was an Initiate of Gozag.
             Slain by a swamp worm (7 damage)
             ... on level 7 of the Dungeon on Feb 25, 2023.
             The game lasted 00:37:41 (8200 turns).

CrazyMind the Covert (Kobold Conjurer)              Turns: 8200, Time: 00:37:42

Health: -4/73      AC:  5    Str:  4    XL:     9   Next: 59%
Magic:  8/14       EV: 16    Int: 27    God:    Gozag
Gold:   569        SH:  5    Dex: 13    Spells: 9/15 levels left

rFire   + . .      SeeInvis +   M - +7 whip of the Immovable Ears {freeze, rPois rF+ rC+ Int+3 SInv}
rCold   + . .      Faith    .   (no shield)
rNeg    . . .      Spirit   .   H - +1 robe {Will+}
rPois   +          Reflect  +   t - +0 helmet
rElec   .          Harm     .   (no cloak)
rCorr   .          Rampage  .   (no gloves)
Will    +....                   U - +0 pair of boots
Stlth   ..........              J - amulet of reflection
HPRegen 0.22/turn               (no ring)
MPRegen 0.14/turn               (no ring)

@: berserking, gold aura, very quick
A: small, no large weapons, nightstalker 3
a: Renounce Religion, Potion Petition, Call Merchant, Bribe Branch


You were on level 7 of the Dungeon.
You worshipped Gozag.
Gozag was pleased with you.
You visited 2 branches of the dungeon, and saw 8 of its levels.
You also visited: Ossuary.

You collected 695 gold pieces.
You paid 126 gold pieces to Gozag.

Inventory:

Hand Weapons
 y - a +1 dagger of draining
 E - a +2 sling of flaming
 F - a +2 dagger of protection
 K - a +0 short sword of venom
 M - the +7 whip of the Immovable Ears (weapon) {freeze, rPois rF+ rC+ Int+3 SInv}
   (You found it on level 5 of the Dungeon)

   It freezes those it strikes, dealing additional cold damage.
   It can also slow down cold-blooded creatures.
   Int:       It affects your intelligence (+3).
   rF:        It protects you from fire.
   rC:        It protects you from cold.
   rPois:     It protects you from poison.
   SInv:      It lets you see invisible.
Missiles
 h - 11 poisoned darts
 r - 4 curare-tipped darts (quivered)
 z - a throwing net
 B - 6 boomerangs
Armour
 t - a +0 helmet (worn)
 w - the +1 ring mail "Dyutuim" {+Blink rElec rF+ rC+}
   (You found it on level 3 of the Dungeon)

   rF:        It protects you from fire.
   rC:        It protects you from cold.
   rElec:     It insulates you from electricity.
   +Blink:    It lets you blink.
 H - a +1 robe of willpower (worn)
 O - a +2 leather armour of cold resistance
 U - a +0 pair of boots (worn)
Magical Staves
 R - a staff of fire
 S - a staff of poison
Jewellery
 J - an amulet of reflection (around neck)
Wands
 x - a wand of flame (30)
 Q - a wand of mindburst (1)
 T - a wand of paralysis (10)
Scrolls
 c - 3 scrolls of immolation
 e - 2 scrolls of fog {unknown}
 i - a scroll of blinking {unknown}
 j - 2 scrolls of torment {unknown}
 k - 2 scrolls of magic mapping
 o - a scroll of poison {unknown}
 s - 4 scrolls of enchant armour
 A - a scroll of fear {unknown}
 C - 3 scrolls of enchant weapon
 I - 6 scrolls of teleportation
Potions
 a - 2 potions of resistance
 b - 3 potions of magic
 d - a potion of degeneration {unknown}
 f - a potion of curing
 g - a potion of berserk rage
 l - 2 potions of lignification {unknown}
 m - a potion of heal wounds {unknown}
 n - 2 potions of might {unknown}
 p - 2 potions of mutation {unknown}
 q - 2 potions of flight {unknown}
 u - 3 potions of brilliance
 v - a potion of haste {unknown}
 G - a potion of invisibility {unknown}
 L - a potion of attraction {unknown}
 N - a potion of ambrosia {unknown}
 P - a potion of cancellation {unknown}


   Skills:
 + Level 2.9 Fighting
 * Level 4.2 Maces & Flails
 - Level 1.4 Armour
 + Level 4.9 Dodging
 + Level 10.4 Stealth
 + Level 3.6 Spellcasting
 * Level 7.0 Conjurations
 - Level 1.5 Evocations


You had 9 spell levels left.
You knew the following spells:

 Your Spells              Type           Power      Damage    Failure   Level
a - Magic Dart            Conj           100%       1d8       1%          1
b - Searing Ray           Conj           86%        2d7       1%          2
c - Dazzling Flash        Conj/Hex       48%        N/A       6%          3

Your spell library contained the following spells:

 Spells                   Type           Power      Damage    Failure   Level
 Static Discharge         Conj/Air       24%        3-6/arc   3%          2
 Fulminant Prism          Conj/Hex       12%        3d9       19%         4
 Iskenderun's Mystic Bla  Conj/Tloc      24%        2d7       19%         4
 Lightning Bolt           Conj/Air       12%        1d25      47%         5
 Maxwell's Capacitive Co  Air            2%         ∞         100%        8


Dungeon Overview and Level Annotations

Branches:
Dungeon (7/15)             Temple (1/1) D:5         Ossuary (visited)

Altars:
Cheibriados
Dithmenos
Elyvilon
Fedhas
Gozag
Kikubaaqudgha
Makhleb
Nemelex Xobeh
Qazlal
Ru
Sif Muna
Vehumet
Yredelemnul
Zin

Shops:
D:5 (

Annotations:
D:5 exclusions: troll, wraith and 7 more exclusions
D:7 3 runed translucent doors, exclusion: swamp worm


Innate Abilities, Weirdness & Mutations

You are small and have problems with some larger weapons.
You are completely attuned to the shadows.


Message History

The searing ray hits the swamp worm.
The swamp worm is lightly wounded. (Press . to maintain the ray.)
The killer bee misses you. The swamp worm misses you.
You block the killer bee's attack.
The searing ray hits the swamp worm!
The swamp worm is heavily wounded.
The killer bee misses you. The swamp worm bites you!
The killer bee completely misses you. The swamp worm barely misses you.
The searing ray hits the swamp worm!
The swamp worm is severely wounded.
The killer bee stings you but does no damage.
The killer bee stings you.
The swamp worm bites you but does no damage.
The searing ray misses the swamp worm.
You finish channelling your searing ray.
The killer bee closely misses you. The swamp worm barely misses you.
The killer bee stings you.
* * * LOW HITPOINT WARNING * * *
Okay, then.
Unknown command.
A red film seems to cover your vision as you go berserk!
You feel yourself moving faster!
You feel mighty!
The killer bee stings you but does no damage.
The swamp worm barely misses you. The killer bee misses you.
You whack the killer bee! You freeze the killer bee.
The killer bee is severely wounded.
You block the killer bee's attack. The swamp worm bites you!
* * * LOW HITPOINT WARNING * * *
You miss the killer bee.
The killer bee is severely wounded.
The killer bee completely misses you. You block the swamp worm's attack.
The killer bee closely misses you.
You whack the killer bee! You freeze the killer bee.
You kill the killer bee!
You hit the swamp worm. You freeze the swamp worm.
The swamp worm is almost dead.
The swamp worm bites you!
You die...
Your body crumbles into a pile of gold.

*,,,,#.+..##.......#
*,,,,#.#...........#
*,,**..#..+#.......#
*,,8*..#...........#*
*,,**o.#....#.......***####
*8,,,,.#.........,,*,,,....
*#######8.......,,**,~~≈≈≈≈
#.....#...w...,,$**~,,≈≈≈.
##.....#..@$.###****~,~...≈
###..#####...$....,,,*~,~._.≈
##...## #$.......**,*~,~...≈
###..### #........**,*~,,≈≈≈.
#[..## #........**,*,~~≈≈≈≈
##.###
#####......?#****,,,.... #..#
#....)).....# *,***#### ..##
#.#####...### *,,* .##
#...^.....# **,*


You could see a swamp worm.

Vanquished Creatures
  A wyvern (D:7)
  A water moccasin (D:7)
  An orc warrior (D:7)
  3 ice beasts
  A black bear (D:5)
  2 ogres
  A phantom (D:5)
  A centaur (D:6)
  An elf zombie (Ossuary)
  A kobold brigand (D:6)
  2 scorpions
  2 necrophages
  A wight (D:5)
  3 killer bees
  2 orc priests
  3 hounds
  2 jellies
  3 iguanas
  2 orc wizards (D:4)
  3 mummies (Ossuary)
  Robin (D:2)
  A gnoll (D:6)
  5 adders
  An ufetubus (D:6)
  3 adder zombies (Ossuary)
  3 dart slugs
  18 orcs
  10 ball pythons
  8 endoplasms
  5 giant cockroaches
  13 goblins
  4 hobgoblins
  13 jackals
  5 quokkas
  7 bats
  3 goblin zombies (Ossuary)
  3 hobgoblin zombies (Ossuary)
  5 kobolds
  3 kobold zombies (Ossuary)
  An orc zombie (Ossuary)
  2 quokka zombies (Ossuary)
  5 rats
  2 rat zombies (Ossuary)
157 creatures vanquished.

Vanquished Creatures (others)
  4 plants (D:7)
4 creatures vanquished.

Grand Total: 161 creatures vanquished

Notes
Turn   | Place    | Note
-------+----------+-------------------------------------------
     0 | D:1      | CrazyMind the Kobold Conjurer began the quest for the Orb.
     0 | D:1      | Reached XP level 1. HP: 10/10 MP: 3/3
   364 | D:1      | Reached XP level 2. HP: 15/15 MP: 1/5
   367 | D:1      | Learned a level 2 spell: Searing Ray
   627 | D:1      | Reached skill level 3 in Stealth
   785 | D:1      | Reached XP level 3. HP: 19/19 MP: 6/6
   789 | D:1      | Learned a level 3 spell: Dazzling Flash
  1792 | D:2      | Found a faded altar of an unknown god.
  1987 | D:2      | Reached XP level 4. HP: 24/24 MP: 0/7
  2467 | D:2      | Noticed Robin
  2475 | D:2      | Killed Robin
  2476 | D:2      | Reached skill level 4 in Stealth
  2476 | D:2      | Reached skill level 5 in Conjurations
  2651 | D:3      | Noticed a scorpion
  2725 | D:3      | Identified the +1 ring mail "Dyutuim" {+Blink rElec rF+
                  | rC+}
  3077 | D:3      | Reached XP level 5. HP: 25/28 MP: 6/8
  3274 | D:3      | Found an ancient bone altar of Kikubaaqudgha.
  3397 | D:3      | Reached skill level 5 in Stealth
  3397 | D:3      | Reached skill level 1 in Evocations
  3930 | D:4      | Reached XP level 6. HP: 33/33 MP: 4/9
  4408 | D:4      | Reached skill level 1 in Armour
  4422 | D:4      | Reached skill level 6 in Stealth
  4819 | D:5      | Entered Level 5 of the Dungeon
  4821 | D:5      | Reached skill level 1 in Fighting
  4826 | D:5      | Reached XP level 7. HP: 34/38 MP: 11/11
  4892 | D:5      | Found a shadowy altar of Dithmenos.
  4899 | D:5      | Reached skill level 7 in Stealth
  5144 | D:5      | Noticed a troll
  5224 | D:5      | Reached skill level 8 in Stealth
  5224 | D:5      | Reached XP level 8. HP: 44/44 MP: 6/12
  5341 | D:5      | Found a burning altar of Makhleb.
  5347 | D:5      | Identified the +7 whip of the Immovable Ears {freeze, rPois
                  | rF+ rC+ Int+3 SInv}
  5443 | D:5      | Found a staircase to the Ecumenical Temple.
  5448 | Temple   | Entered the Ecumenical Temple
  5525 | D:5      | Noticed a wraith
  5579 | D:5      | Found Edih's Weapon Emporium.
  5972 | D:6      | Reached skill level 1 in Maces & Flails
  6159 | D:6      | Reached skill level 9 in Stealth
  6506 | D:6      | Found an opulent altar of Gozag.
  6511 | D:6      | Became a worshipper of Gozag Ym Sagoz the Greedy
  6600 | D:6      | Found a blossoming altar of Fedhas.
  6912 | D:7      | Reached XP level 9. HP: 48/48 MP: 8/14
  6928 | D:7      | Found a sand-covered staircase.
  6942 | Ossuary  | Entered an ossuary
  7311 | D:7      | Found a radiant altar of Vehumet.
  7359 | D:7      | Found a runed translucent gate.
  7359 | D:7      | Found a runed translucent gate.
  7359 | D:7      | Found a runed translucent gate.
  7723 | D:7      | Found a stormy altar of Qazlal.
  7742 | D:7      | Reached skill level 10 in Stealth
  8197 | D:7      | HP: 3/73 [swamp worm (15)]
  8200 | D:7      | Slain by a swamp worm

Illustrated notes

Levels and vault maps discovered:
D:1:      evilmike_arrival_hilbert_curve, layout_basic, corexii_hall_statues_x,
          hex_tiny
D:2:      layout_basic, chequers_ecumenical_altar_island,
          chequers_serial_rivers_micro_e, uniq_robin
D:3:      layout_loops_ring, tgw_kikubaaqudgha
D:4:      layout_cave_pools, roderic_nine_men_s_morris
D:5:      layout_rooms, nicolae_dithmenos_shadow_blocks, bloody_makhleb,
          temple_statues, serial_shops, nicolae_shop_statue_plus, st_stairs_7,
          minmay_small_thing
D:6:      layout_basic, lemuel_coloured_pillars_altar,
          mainiacjoe_overflow_catwalk, minmay_between
D:7:      layout_basic, mainiacjoe_overflow_paths, grunt_qazlal_sundering,
          chequers_temple_overflow_minitemple,
          nicolae_ossuary_entry_false_entrances, biasface_ghost_orc_armoury,
          roderic_st_hans_cross, worms_lemuel
Temple:   hellmonk_temple_of_storms

Skill      XL: |  1  2  3  4  5  6  7  8  9 |
---------------+----------------------------+-----
Stealth        | 3 4 5 6 8 9 10 | 10.4
Conjurations   | 5 6 7 |  7.0
Evocations     | 1 |  1.5
Armour         | 1 |  1.4
Fighting       | 1 2 |  2.9
Dodging        | 3 4 |  4.9
Spellcasting   | 3 |  3.6
Maces & Flails | 2 4 |  4.2

Action                   |  1- 3 |  4- 6 |  7- 9 || total
-------------------------+-------+-------+-------++-------
Melee: Spear             |     5 |       |       ||     5
       Dagger            |    31 |     1 |       ||    32
       Short sword       |       |    42 |     8 ||    50
       Staff             |       |     2 |       ||     2
       Whip              |       |       |   108 ||   108
       Punch             |       |       |     3 ||     3
Throw: Dart              |       |       |     3 ||     3
 Cast: Magic Dart        |    30 |    21 |     1 ||    52
       Searing Ray       |    10 |    22 |    29 ||    61
Evoke: Wand              |       |       |     4 ||     4
  Use: Potion            |       |     2 |     1 ||     3
       Scroll            |       |       |     8 ||     8
 Stab: Sleeping          |    14 |    15 |    20 ||    49
       Distracted        |       |     1 |       ||     1
Armor: Robe              |     2 |     4 |    21 ||    27
       Ring mail         |       |     9 |       ||     9
Dodge: Dodged            |    40 |    34 |   108 ||   182
Block: Other             |       |       |    35 ||    35
